 Dungeon Crawl Stone Soup version 0.28.0 (webtiles) character file.

Game seed: 1097076696137821434

5445 pkoi the Martial Artist (level 10, -6/78 HPs)
             Began as a Red Draconian Monk on Feb 18, 2022.
             Was an Elder of Dithmenos.
             Shot with an arrow by a centaur warrior (20 damage)
             ... on level 9 of the Dungeon.
             The game lasted 00:14:33 (13824 turns).

pkoi the Martial Artist (Red Draconian Monk)       Turns: 13824, Time: 00:14:33

Health: -6/78      AC: 10    Str: 14    XL:     10   Next: 41%
Magic:  16/16      EV: 17    Int: 14    God:    Dithmenos [****..]
Gold:   408        SH:  0    Dex: 20    Spells: 12/17 levels left

rFire   + . .      SeeInvis .     - Unarmed
rCold   . . .      Faith    .   (no shield)
rNeg    . . .      Spirit   .   (armour unavailable)
rPois   .          Reflect  .   (helmet restricted)
rElec   .          Harm     .   l - +0 cloak
rCorr   .          Rampage  .   f - +1 pair of gloves
Will    .....                   (no boots)
Stlth   ++++......              (no amulet)
HPRegen 0.23/turn               d - +4 ring of evasion
MPRegen 0.15/turn               r - +6 ring of dexterity

@: wreathed by umbra
A: breathe fire, AC +7, unfitting armour, fire resistance 1, cold-blooded
a: Breathe Fire, Renounce Religion, Shadow Step


You were on level 9 of the Dungeon.
You worshipped Dithmenos.
Dithmenos was greatly pleased with you.
You visited 2 branches of the dungeon, and saw 10 of its levels.
You also visited: Bailey.

You collected 408 gold pieces.

Inventory:

Hand Weapons
 b - a +1 dagger
Missiles
 e - 44 poisoned darts (quivered)
 p - 2 curare-tipped darts
 z - 3 throwing nets
Armour
 f - a +1 pair of gloves (worn)
 l - a +0 cloak (worn)
Jewellery
 d - a +4 ring of evasion (left hand)
 r - a +6 ring of dexterity (right hand)
Wands
 g - a wand of mindburst (24)
 k - a wand of iceblast (26)
 s - a wand of digging (3)
 y - a wand of acid (2)
Scrolls
 c - 3 scrolls of identify
 h - 4 scrolls of teleportation
 i - 2 scrolls of enchant armour
 m - a scroll of blinking
 u - a scroll of summoning
 x - 2 scrolls of fog
Potions
 a - 2 potions of curing
 j - a potion of invisibility
 n - a potion of resistance
 o - 2 potions of haste
 v - a potion of might


   Skills:
 - Level 4.0 Fighting
 - Level 3.0 Dodging
 - Level 3.0 Stealth
 * Level 11.8 Unarmed Combat
 - Level 4.0 Spellcasting
 - Level 5.0 Summonings
 + Level 7.1 Evocations


You had 12 spell levels left.
You knew the following spells:

 Your Spells              Type           Power      Damage    Failure   Level
a - Call Imp              Summ           16%        N/A       3%          2
b - Mephitic Cloud        Conj/Pois/Air  2%         N/A       50%         3

Your spell library contained the following spells:

 Spells                   Type           Power      Damage    Failure   Level
 Magic Dart               Conj           8%         1d3       19%         1
 Searing Ray              Conj           4%         2d4       28%         2
 Fulminant Prism          Conj/Hex       1%         3d6       88%         4


Dungeon Overview and Level Annotations

Branches:
Dungeon (9/15)             Temple (1/1) D:5          Bailey (visited)
   Lair: D:8-11         Orc: D:9-12

Altars:
Ashenzari
Cheibriados
Dithmenos
Elyvilon
Fedhas
Gozag
Hepliaklqana
Kikubaaqudgha
Makhleb
Nemelex Xobeh
Okawaru
Qazlal
Ru
Sif Muna
Trog
Uskayaw
Vehumet
Wu Jian
Xom
Yredelemnul
Zin
The Shining One

Annotations:
D:4 2 runed translucent doors, browni3141's ghost, amateur MiBe
D:8 exclusion: statue


Innate Abilities, Weirdness & Mutations

You can breathe blasts of fire.
Your fiery red scales are hard. (AC +7)
You cannot fit into any form of body armour.
Your flesh is heat resistant. (rF+)
You are cold-blooded and may be slowed by cold attacks.


Message History

Casting: Call Imp (safe; 3% risk of failure)
Confirm with . or Enter, or press ? or * to list all spells.
A beastly little devil appears in a puff of flame.
The tarantella closely misses you. The tarantella touches you.
* * * LOW HITPOINT WARNING * * *
You are confused.
Are you sure you want to stumble around while confused and next to your crimson imp? [Y]es or [N]o only, please.
Are you sure you want to stumble around while confused and next to your crimson imp?
Okay, then.
The tarantella touches you!
* * * LOW HITPOINT WARNING * * *
Your crimson imp closely misses the tarantella.
You feel better. The tarantella misses you. The tarantella barely misses you.
Your crimson imp misses the tarantella.
Aiming: Breathe Fire (3% risk of failure)
Press: ? - help, Shift-Dir - straight line, f/p - tarantella
Aim: a tarantella shaped shifter (almost dead, ally target, umbra, 52% to hit)
You breathe a blast of fire.
The fiery breath hits the tarantella!
You kill the tarantella!
Dithmenos accepts your kill.
Unknown command.
You start resting.
Magic restored.
You start resting.
You have got your breath back.
You start resting.
Your crimson imp blinks!
A centaur warrior comes into view.
It is wielding the +2 broad axe of Fivuymoh {vorpal, Dex+4}.
A centaur warrior is nearby!
You swap places.
The centaur warrior unwields the +2 broad axe of Fivuymoh {vorpal, Dex+4}.
The centaur warrior wields a +0 shortbow.
The centaur warrior shoots an arrow.
The arrow hits you but does no damage.
The centaur warrior shoots an arrow.
The arrow barely misses you.
Your crimson imp blinks!
The centaur warrior shoots an arrow.
The arrow hits you!
* * * LOW HITPOINT WARNING * * *
The centaur warrior shoots an arrow.
The arrow hits you!!
You die...

#.........# #.# ..
#.........# #.#
#.........# #.#
##.......## #.#
##.....## #.#
##.##### #.#
#.....#####.####
#............... .
#@..........## #
#.####......# #
#.# #......# #.#
#......# #.#
#......###### #.#
#............
#.####............
#.c...............
######.5c...######


You could see a centaur warrior.

Vanquished Creatures
  Harold (D:9)
  An ugly thing (D:9)
  Psyche (D:8)
  A tarantella (shapeshifter) (D:9)
  Sigmund (D:2)
  2 wyverns
  A water moccasin (D:8)
  Duvessa (D:5)
  A black bear (D:6)
  3 orc warriors
  4 centaurs
  2 necrophages
  A phantom (D:5)
  3 kobold brigands
  Blork the orc (D:5)
  2 gnoll sergeants (D:5)
  2 scorpions
  A water moccasin zombie (D:5)
  A wyvern zombie (D:9)
  Dowan (D:5)
  10 wights
  2 howler monkeys
  2 centaur zombies
  A bullfrog zombie (D:6)
  A bullfrog skeleton (D:5)
  Crazy Yiuf (D:5)
  5 orc priests
  4 hounds
  2 iguanas
  Jessica (D:3)
  3 centaur skeletons
  Ijyb (D:3)
  8 orc wizards
  A killer bee zombie (D:7)
  A howler monkey zombie (D:9)
  Robin (D:3)
  9 gnolls
  9 adders
  2 white imps
  An ufetubus (D:6)
  4 worms
  3 dart slugs
  27 orcs
  4 bats
  8 endoplasms
  3 giant cockroaches
  21 goblins
  6 hobgoblins
  7 jackals (D:1)
  22 kobolds
  8 quokkas
  10 ball pythons
  6 frilled lizards
  7 rats
232 creatures vanquished.

Notes
Turn   | Place    | Note
-------+----------+-------------------------------------------
     0 | D:1      | pkoi the Draconian Monk began the quest for the Orb.
     0 | D:1      | Reached XP level 1. HP: 19/19 MP: 1/1
   268 | D:1      | Reached XP level 2. HP: 19/26 MP: 2/2
   577 | D:1      | Reached skill level 4 in Unarmed Combat
   613 | D:1      | Reached XP level 3. HP: 28/31 MP: 3/3
  1154 | D:2      | Found a faded altar of an unknown god.
  1343 | D:2      | Reached XP level 4. HP: 4/38 MP: 4/4
  1878 | D:2      | Found a shimmering altar of Xom.
  1882 | D:2      | Reached skill level 5 in Unarmed Combat
  2117 | D:2      | Noticed Sigmund
  2299 | D:3      | Noticed Robin
  2328 | D:3      | Killed Robin
  2561 | D:3      | Noticed Ijyb
  3007 | D:3      | Noticed Jessica
  3013 | D:3      | Reached XP level 5. HP: 43/45 MP: 5/5
  3029 | D:3      | Killed Jessica
  3233 | D:3      | HP: 1/46 [disintegration (18)]
  3242 | D:3      | Killed Ijyb
  3987 | D:4      | Reached skill level 1 in Evocations
  4151 | D:4      | Reached XP level 6. HP: 52/52 MP: 6/6
  4367 | D:4      | Reached skill level 6 in Unarmed Combat
  4670 | D:4      | Found a large runed translucent door.
  4670 | D:4      | Found a large runed translucent door.
  4674 | D:4      | Noticed browni3141's ghost (amateur MiBe)
  4852 | D:5      | Entered Level 5 of the Dungeon
  5304 | D:5      | Noticed Blork the orc
  5629 | D:5      | Found a staircase to the Ecumenical Temple.
  5643 | Temple   | Entered the Ecumenical Temple
  6230 | Temple   | Became a worshipper of Dithmenos the Shadowed
  6230 | Temple   | Reached * piety under Dithmenos
  6230 | Temple   | Reached ** piety under Dithmenos
  6298 | D:5      | Your scales start taking on a fiery red colour.
  6298 | D:5      | Reached XP level 7. HP: 55/59 MP: 7/7
  6298 | D:5      | Gained mutation: Your flesh is heat resistant. (rF+) [Red
                  | Draconian growth]
  6438 | D:5      | Reached skill level 7 in Unarmed Combat
  6529 | D:5      | Killed Blork the orc
  6579 | D:5      | Noticed Duvessa
  6580 | D:5      | Noticed Dowan
  6584 | D:5      | Killed Duvessa
  6610 | D:5      | Killed Dowan
  6995 | D:5      | Reached skill level 8 in Unarmed Combat
  7282 | D:5      | Found a runed translucent door.
  7283 | D:5      | Noticed Crazy Yiuf
  7554 | D:5      | Killed Crazy Yiuf
  7555 | D:5      | Reached XP level 8. HP: 66/66 MP: 8/8
  7852 | D:6      | Learned a level 2 spell: Call Imp
  8578 | D:6      | Reached skill level 1 in Summonings
  8598 | D:6      | Reached skill level 1 in Spellcasting
  8960 | D:6      | Reached skill level 9 in Unarmed Combat
  9400 | D:6      | Learned a level 3 spell: Mephitic Cloud
  9424 | D:7      | Reached skill level 5 in Evocations
  9668 | D:7      | Reached XP level 9. HP: 65/71 MP: 12/12
  9810 | D:7      | Reached *** piety under Dithmenos
  9819 | D:7      | Found a flagged portal.
  9826 | Bailey   | Entered a bailey
 10856 | D:7      | Reached skill level 10 in Unarmed Combat
 12111 | D:8      | Found a radiant altar of Vehumet.
 12115 | D:8      | Noticed Psyche
 12123 | D:8      | Killed Psyche
 12464 | D:2      | Killed Sigmund
 12465 | D:2      | Reached XP level 10. HP: 77/78 MP: 16/16
 12768 | D:2      | Reached **** piety under Dithmenos
 13237 | D:9      | Noticed Harold
 13266 | D:9      | Reached skill level 11 in Unarmed Combat
 13273 | D:9      | Killed Harold
 13274 | D:9      | Reached skill level 5 in Summonings
 13692 | D:9      | Noticed a white ugly thing
 13700 | D:9      | Killed a white ugly thing
 13817 | D:9      | Identified the +2 broad axe of Fivuymoh {vorpal, Dex+4}
 13817 | D:9      | Noticed a centaur warrior
 13824 | D:9      | Shot with an arrow by a centaur warrior

Illustrated notes

Levels and vault maps discovered:
D:1:      lightli_arrival_statue_moat, layout_basic, st_stairs_9,
          amcnicky_mini_corridor_feature, minmay_split_cup_small
D:2:      layout_basic, nicolae_ecumenical_oubliette, basic_altar,
          hangedman_feature_mirror, uniq_sigmund
D:3:      layout_basic, cheibrodos_sewer_entry_bend, uniq_robin, uniq_ijyb,
          uniq_jessica
D:4:      layout_basic, ebering_ghost_disaster_area
D:5:      layout_basic, minmay_temple_entry_sparse_star, kennysheep_crisscross,
          grunt_ministairs_14, uniq_duvessa, uniq_blork_the_orc,
          uniq_crazy_yiuf_cottage
D:6:      layout_cave_pods
D:7:      layout_rooms, enter_bailey_5
D:8:      layout_basic, vehumet_statue, uniq_psyche
D:9:      minmay_the_grid_3x2 [minmay_the_grid_tree,
          minmay_the_grid_minigrid_small_alt, minmay_the_grid_eight,
          minmay_the_grid_spin_star, minmay_the_grid_minigrid_medium,
          minmay_the_grid_prize_four_corners_diamond_b], layout_rooms,
          lair_entry_dummy, uniq_grum, uniq_harold
Temple:   mainiacjoe_temple_starburst

Skill      XL: |  1  2  3  4  5  6  7  8  9 10 |
---------------+-------------------------------+-----
Unarmed Combat | 4 5 6 8 9 10 11 | 11.8
Stealth        | 2 3 |  3.0
Dodging        | 3 |  3.0
Fighting       | 4 |  4.0
Evocations     | 1 2 3 5 6 7 |  7.1
Summonings     | 2 4 5 |  5.0
Spellcasting   | 2 4 |  4.0

Action                   |  1- 3 |  4- 6 |  7- 9 | 10-12 || total
-------------------------+-------+-------+-------+-------++-------
Melee: Unarmed           |   160 |   308 |   391 |    49 ||   908
       Punch             |     3 |    11 |    25 |     5 ||    44
       Tailslap          |    14 |    32 |    63 |    19 ||   128
Throw: Dart              |       |       |     4 |       ||     4
 Cast: Call Imp          |       |       |     5 |     1 ||     6
 Abil: Breathe Fire      |       |       |    13 |     4 ||    17
  Use: Scroll            |     4 |     6 |     4 |     4 ||    18
       Potion            |       |     2 |       |     1 ||     3
 Stab: Sleeping          |     4 |     3 |     6 |     4 ||    17
Armor: Skin              |    32 |    67 |    85 |    10 ||   194
Dodge: Dodged            |   104 |   210 |   358 |    43 ||   715
